 Dungeon Crawl Stone Soup version 0.18-a0-1343-g48c8f86 (webtiles) character file.

114 M4edhros the Insei (level 4, 0/35 HPs)
             Began as a Mummy Monk on Feb 16, 2016.
             Slain by an adder (5 damage)
             ... on level 3 of the Dungeon.
             The game lasted 00:03:07 (4083 turns).

M4edhros the Insei (Mummy Monk)                     Turns: 4083, Time: 00:03:07

Health: 0/35       AC:  0    Str: 14    XL:     4   Next: 67%
Magic:  13/13      EV: 13    Int: 13    God:
Gold:   138        SH:  0    Dex: 15    Spells: 0 memorised, 3 levels left

rFire  x . .     SeeInvis .       - Unarmed
rCold  + . .     Gourm    .     (no armour)
rNeg   + + +     Faith    .     (no shield)
rPois  ∞         Spirit   .     (no helmet)
rElec  .         Dismiss  .     (no cloak)
rCorr  .         Reflect  .     (no gloves)
SustAt .         Harm     .     (no boots)
MR     .....                    (no amulet)
Stlth  ++........               i - +4 ring of intelligence
                                e - ring of magical power

@: not resistant to hostile enchantments, unstealthy
A: no food or potions, fire vulnerability, cold resistance 1, negative energy
resistance 3, torment resistance, unbreathing
a: no special abilities


You were on level 3 of the Dungeon.
You were not hungry.

You visited 1 branch of the dungeon, and saw 3 of its levels.

You collected 138 gold pieces.

Inventory:

Jewellery
 e - a ring of magical power (left hand)
 i - a +4 ring of intelligence (right hand)
Wands
 g - a wand of slowing (9/48)
Scrolls
 a - 2 scrolls of blinking {unknown}
 b - 7 scrolls of identify {unknown}
 c - a scroll of recharging {unknown}
 d - 2 scrolls of remove curse {unknown}
 f - a scroll of enchant armour {unknown}
 h - a scroll of teleportation {unknown}


   Skills:
 - Level 3.0 Fighting
 - Level 2.4 Dodging
 + Level 3.3 Stealth
 + Level 4.2 Unarmed Combat


You had 3 spell levels left.
You didn't know any spells.

Dungeon Overview and Level Annotations

Branches:
Dungeon (3/15)

Altars:
Cheibriados
Nemelex Xobeh
Pakellas
Qazlal
Vehumet


Innate Abilities, Weirdness & Mutations

You do not eat or drink.
Your flesh is vulnerable to fire.
You are immune to poison.
Your flesh is cold resistant.
You are immune to negative energy.
You are immune to unholy pain and torment.
You can survive without breathing.


Message History

You hit the giant gecko but do no damage.
You punch the giant gecko.
The giant gecko is heavily wounded.
The adder bites you. The giant gecko bites you. The adder barely misses you.
The adder bites you.
* * * LOW HITPOINT WARNING * * *
The giant gecko bites you.
* * * LOW HITPOINT WARNING * * *
You see here a dagger.
You closely miss the giant gecko.
The giant gecko is moderately wounded.
The giant gecko completely misses you.
You hit the giant gecko.
You kill the giant gecko!
The adder bites you.
* * * LOW HITPOINT WARNING * * *
You hit the adder.
The adder is heavily wounded.
The adder bites you.
You die...

.... ..( ... ##
..# .# #.# ..
#.# #. ##)#
#.##
#).######..#
#..S@...##.# #
#.†####....####
##. #...
####....#####[.
##..
#.>#.##.....
#...
#...........
#.##
#..#...#....
#.#
#.###.###... #.
#..#...#....
#...._.÷....


You could see an adder.

Vanquished Creatures
  A hound (D:3)
  An adder (D:2)
  A worm (D:3)
  3 giant geckos
  An orc (D:3)
  6 bats
  5 giant cockroaches
  11 goblins
  7 hobgoblins
  5 jackals
  A quokka (D:2)
  2 ball pythons
  6 giant newts
  9 kobolds
  6 rats
65 creatures vanquished.

Notes
Turn   | Place    | Note
--------------------------------------------------------------
     0 | D:1      | M4edhros the Mummy Monk began the quest for the Orb.
     0 | D:1      | Reached XP level 1. HP: 18/18 MP: 1/1
   434 | D:1      | Reached XP level 2. HP: 10/24 MP: 2/2
  1365 | D:1      | Reached XP level 3. HP: 26/29 MP: 3/3
  2446 | D:2      | Found a snail-covered altar of Cheibriados.
  2756 | D:2      | Found an oddly glowing altar of Pakellas.
  2864 | D:3      | Reached XP level 4. HP: 21/35 MP: 4/4
  2952 | D:3      | Found a sparkling altar of Nemelex Xobeh.
  2953 | D:3      | Noticed a wasp
  2953 | D:3      | Noticed a hungry ghost
  3136 | D:3      | Found a stormy altar of Qazlal.
  3161 | D:3      | Reached skill level 4 in Unarmed Combat
  3659 | D:3      | Found a radiant altar of Vehumet.
  4083 | D:3      | Slain by an adder

Vault maps used:
D:1:      minmay_arrival_widening_spiral_wide
D:2:      lemuel_coloured_pillars_altar, cheibriados_altar_1
D:3:      lemuel_crystal_altar, vehumet_crystals, minmay_crystal_water,
          minmay_statues_item, grunt_nemelex_the_gamble

Action                   |  1- 3 |  4- 6 || total
-------------------------+-------+-------++-------
Melee: Unarmed           |   161 |    75 ||   236
 Stab: Sleeping          |     6 |     1 ||     7
